 Dungeon Crawl Stone Soup version 0.26.1-2-gb8aa6d0cf2 (webtiles) character file.

Game seed: 13228418436317949290

119 Almogavar the Shield-Bearer (level 5, -1/33 HPs)
             Began as a Gargoyle Fighter on Mar 30, 2021.
             Slain by Sigmund
             ... wielding a +0 scythe
              (8 damage)
             ... on level 3 of the Dungeon.
             The game lasted 00:04:14 (1704 turns).

Almogavar the Shield-Bearer (Gargoyle Fighter)      Turns: 1704, Time: 00:04:14

Health: -1/33      AC: 11    Str: 20    XL:     5   Next: 3%
Magic:  5/5        EV:  7    Int:  9    God:
Gold:   91         SH:  0    Dex:  9    Spells: 4/4 levels left

rFire    . . .     SeeInvis .   a - +0 flail
rCold    . . .     Faith    .   c - +0 kite shield
rNeg     + . .     Spirit   .   b - +0 scale mail
rPois    ∞         Reflect  .   (no helmet)
rElec    +         Harm     .   (no cloak)
rCorr    .         Rampage  .   (no gloves)
Will     .....                  (no boots)
Stlth    ..........             p - amulet of the acrobat
HPRegen  0.11/turn              (no ring)
MPRegen  0.09/turn              (no ring)

@: confused
A: negative energy resistance 1, electricity resistance, unbreathing,
petrification resistance, miasma immunity, AC +4
a: no special abilities


You were on level 3 of the Dungeon.
You visited 1 branch of the dungeon, and saw 3 of its levels.

You collected 91 gold pieces.

Inventory:

Hand Weapons
 a - a +0 flail (weapon)
Armour
 b - a +0 scale mail (worn)
 c - a +0 kite shield (worn)
Jewellery
 p - an amulet of the acrobat (around neck)
Scrolls
 f - a scroll of blinking {unknown}
 g - 2 scrolls of remove curse {unknown}
 i - a scroll of magic mapping
 j - a scroll of teleportation {unknown}
 l - a scroll of fog {unknown}
 n - a scroll of noise {unknown}
 q - a scroll of identify
Potions
 d - 2 potions of might
 e - a potion of haste {unknown}
 h - 2 potions of heal wounds {unknown}
 k - a potion of invisibility {unknown}
 m - a potion of resistance {unknown}
 o - a potion of brilliance {unknown}


   Skills:
 + Level 3.8 Fighting
 + Level 3.3 Maces & Flails
 + Level 4.0 Armour
 + Level 0.6 Dodging
 + Level 0.3 Stealth
 + Level 4.0 Shields


You had 4 spell levels left.
You didn't know any spells.
Your spell library was empty.

Dungeon Overview and Level Annotations

Branches:
Dungeon (3/15)

Altars:

Annotations:
D:3 Sigmund


Innate Abilities, Weirdness & Mutations

You are resistant to torment.
Your stone body is resilient. (AC +4)
You are immune to poison.
You resist negative energy. (rN+)
You are resistant to electric shocks. (rElec)
You can survive without breathing.
You are immune to petrification.
You are immune to miasma.


Message History

You closely miss Sigmund.
Sigmund is heavily wounded.
Sigmund hits you with a +0 scythe!
Your shield and scale mail prevent you from hitting Sigmund.
Sigmund is heavily wounded.
You thump Sigmund!
Sigmund is severely wounded.
Sigmund asks, "Do you like me?" You block Sigmund's attack.
You closely miss Sigmund.
Sigmund is severely wounded.
Sigmund points at you and mumbles some strange words.
You are confused.
Sigmund hits you with a +0 scythe.
* * * LOW HITPOINT WARNING * * *
You bump into the rock wall.
You miss Sigmund.
Sigmund is severely wounded.
Sigmund hits you with a +0 scythe!
You die...

#####. #.....# .......##
........# ### ..b.....#
.. .. .....>.r# ##.# #..
........# #..# ....
.......b######.# #....
......gKr@@....##...#
.K.....#####..>....#
#.....#####........#..
###### #....##.......#
######.####..##.....
#.......##.......#.......
#............##..........
#...........###..........
#...<)...######..........


You could see Sigmund, a hobgoblin, a bat, a kobold and a rat.

Vanquished Creatures
  3 adders (D:3)
  An ooze (D:1)
  A worm (D:3)
  2 dart slugs (D:2)
  4 leopard geckos
  9 bats
  A giant cockroach (D:2)
  7 goblins
  8 hobgoblins
  9 jackals
  12 kobolds
  2 ball pythons (D:2)
  6 frilled lizards
  8 rats
73 creatures vanquished.

Notes
Turn   | Place    | Note
-------+----------+-------------------------------------------
     0 | D:1      | Almogavar the Gargoyle Fighter began the quest for the Orb.
     0 | D:1      | Reached XP level 1. HP: 14/14 MP: 1/1
    67 | D:1      | Reached XP level 2. HP: 17/19 MP: 2/2
   465 | D:1      | Reached XP level 3. HP: 22/23 MP: 3/3
  1185 | D:2      | Reached XP level 4. HP: 28/29 MP: 4/4
  1622 | D:3      | Reached XP level 5. HP: 30/33 MP: 5/5
  1670 | D:3      | Noticed Sigmund
  1704 | D:3      | Slain by Sigmund

Illustrated notes

Levels and vault maps discovered:
D:1:      dpeg_arrival_arbitrary_a, layout_loops_ring, minmay_pentomino_q4
D:2:      layout_basic
D:3:      layout_rooms, uniq_sigmund, uniq_crazy_yiuf_cottage

Skill      XL: |  1  2  3  4 |
---------------+-------------+-----
Shields        | 4 |  4.0
Maces & Flails | 3 |  3.3
Armour         | 4 |  4.0
Fighting       | |  3.8
Dodging        | |  0.6
Stealth        | |  0.3

Action                   |  1- 3 |  4- 6 || total
-------------------------+-------+-------++-------
Melee: Flail             |   155 |   128 ||   283
  Use: Scroll            |     3 |       ||     3
       Potion            |     1 |       ||     1
Armor: Scale mail        |    86 |    81 ||   167
Dodge: Dodged            |    62 |    68 ||   130
Block: Kite shield       |   109 |    69 ||   178
